 Dungeon Crawl Stone Soup version 0.29-a0-393-g47a863c (webtiles) character file.

Game seed: 396651720286252142

126 Illumine the Bolt Thrower (level 5, -7/30 (32) HPs)
             Began as a Kobold Hunter on May 9, 2022.
             Mangled by Crazy Yiuf
             ... wielding a +3 quarterstaff of chaos
              (8 damage)
             ... on level 3 of the Dungeon.
             The game lasted 00:04:08 (2666 turns).

Illumine the Bolt Thrower (Kobold Hunter)           Turns: 2666, Time: 00:04:08

HP:   -7/30 (32)    AC:  5    Str: 10    XL:     5   Next: 31%
MP:   0/5           EV: 15    Int: 10    God:
Gold: 172           SH:  0    Dex: 19    Spells: 4/4 levels left

rFire   . . .      SeeInvis .   a - +1 hand crossbow
rCold   . . .      Faith    .   (no shield)
rNeg    . . .      Spirit   +   b - +0 leather armour
rPois   .          Reflect  .   (no helmet)
rElec   .          Harm     .   (no cloak)
rCorr   .          Rampage  .   l - +0 pair of gloves
Will    .....                   s - +0 pair of boots
Stlth   +++.......              m - amulet of guardian spirit
HPRegen 0.10/turn               (no ring)
MPRegen 0.09/turn               (no ring)

@: drained
A: small, no large weapons, nightstalker 3
a: no special abilities


You were on level 3 of the Dungeon.
You visited 1 branch of the dungeon, and saw 3 of its levels.

You collected 172 gold pieces.

Inventory:

Hand Weapons
 a - a +1 hand crossbow (weapon)
Missiles
 q - 3 atropa-tipped darts
 v - 3 poisoned darts
Armour
 b - a +0 leather armour (worn)
 l - a +0 pair of gloves (worn)
 s - a +0 pair of boots (worn)
Magical Staves
 k - a staff of fire
Jewellery
 m - an amulet of guardian spirit (around neck)
 t - a ring of positive energy
Wands
 y - a wand of polymorph (1)
Scrolls
 c - 2 scrolls of immolation
 d - 6 scrolls of identify {unknown}
 e - 6 scrolls of teleportation {unknown}
 g - a scroll of noise {unknown}
 h - a scroll of torment {unknown}
 i - a scroll of vulnerability {unknown}
 p - a scroll of enchant weapon {unknown}
 z - a scroll of poison {unknown}
Potions
 f - 2 potions of might {unknown}
 j - a potion of magic {unknown}
 n - 2 potions of lignification {unknown}
 o - a potion of resistance {unknown}
 r - 2 potions of mutation {unknown}
 u - 2 potions of cancellation {unknown}
 w - 3 potions of degeneration {unknown}
 x - a potion of curing {unknown}


   Skills:
 + Level 3.1 Fighting
 * Level 6.6 Crossbows
 + Level 0.1 Armour
 + Level 3.4 Dodging
 - Level 3.1 Stealth


You had 4 spell levels left.
You didn't know any spells.
Your spell library contained the following spells:

 Spells                   Type           Power      Damage    Failure   Level
 Foxfire                  Conj/Fire      0%         2x1d4     45%         1
 Sandblast                Erth           0%         2d4       45%         1
 Shock                    Conj/Air       0%         1d3       45%         1
 Passwall                 Tmut/Erth      0%         N/A       61%         2
 Stone Arrow              Conj/Erth      0%         3d7       83%         3
 Swiftness                Air            0%         N/A       83%         3
 Airstrike                Air            0%         N/A       99%         4


Dungeon Overview and Level Annotations

Branches:
Dungeon (3/15)

Altars:
Vehumet

Annotations:
D:3 Crazy Yiuf


Innate Abilities, Weirdness & Mutations

You are small and have problems with some larger weapons.
You are completely attuned to the shadows.


Message History

Crazy Yiuf is lightly wounded.
Shoot: a) +1 hand crossbow
Press: ? - help, Q - select action, (/) - cycle Shift-Dir - straight line, f/p - Crazy Yiuf
Aim: Crazy Yiuf, wielding a +3 quarterstaff of chaos and wearing a +0 cloak (lightly wounded, 70% to hit)
You shoot a bolt. The bolt hits Crazy Yiuf!
Crazy Yiuf is heavily wounded.
Crazy Yiuf hits you with a +3 quarterstaff of chaos!
You are confused.
Crazy Yiuf barely misses you.
Non-targeted confused shoot: a) +1 hand crossbow
Press: ? - help, Q - select action, (/) - cycle Dir - look around, f - activate You shoot a bolt.
Crazy Yiuf hits you with a +3 quarterstaff of chaos!
You feel drained.
Unknown command.
Unknown command.
Crazy Yiuf attacks as you move away! Crazy Yiuf barely misses you.
Non-targeted confused shoot: a) +1 hand crossbow
Press: ? - help, Q - select action, (/) - cycle Dir - look around, f - activate Look: Crazy Yiuf, wielding a +3 quarterstaff of chaos and wearing a +0 cloak (heavily wounded)
You shoot a bolt.
Crazy Yiuf says, "Walk!"
Crazy Yiuf barely misses you.
You bump into the tree.
Crazy Yiuf completely misses you.
Okay, then.
Non-targeted confused shoot: a) +1 hand crossbow
Press: ? - help, Q - select action, (/) - cycle Dir - look around, f - activate You shoot a bolt.
Crazy Yiuf hits you with a +3 quarterstaff of chaos!
* * * LOW HITPOINT WARNING * * *
You feel your power leaking away.
Unknown command.
You bump into the tree.
You feel less confused.
Crazy Yiuf hits you with a +3 quarterstaff of chaos.
* * * LOW HITPOINT WARNING * * *
Crazy Yiuf draws strength from your wounds!
Crazy Yiuf attacks as you move away!
Crazy Yiuf hits you with a +3 quarterstaff of chaos!
You die...

#......########..######
...... #.#########
#.........# ......
..........# #.........#
...... ..#######.#
#.........# #.......#
.########## ###########
#....[..# ........#
#......†# ######..#
♣♣♣♣♣###.......# #..#
## ♣♣♣.♣....#.......#
#..#
...#♣@.♣.............#
######..#
...'g♣♣♣♣............#
.....'..# )..#♣♣
♣♣...........'
######..# ##
♣♣##........# ####..#
#.#####... #.....# #.#
#... ###.....#####
####.# #...
..†.........# #..#.#
#... #........[.######
##.#.# #...


You could see Crazy Yiuf.

Vanquished Creatures
  A howler monkey (D:2)
  2 adders
  2 worms (D:3)
  A dart slug (D:2)
  8 endoplasms
  4 giant cockroaches
  6 goblins
  7 hobgoblins
  4 jackals
  A quokka (D:2)
  5 ball pythons
  7 bats
  3 frilled lizards
  3 kobolds
  A rat (D:2)
55 creatures vanquished.

Notes
Turn   | Place    | Note
-------+----------+-------------------------------------------
     0 | D:1      | Illumine the Kobold Hunter began the quest for the Orb.
     0 | D:1      | Reached XP level 1. HP: 12/12 MP: 1/1
    79 | D:1      | Found a faded altar of an unknown god.
    85 | D:1      | Got Plato's Papyrus of Conjuration
   222 | D:1      | Reached XP level 2. HP: 18/18 MP: 2/2
   511 | D:1      | Reached XP level 3. HP: 22/22 MP: 3/3
  1053 | D:2      | Reached skill level 6 in Crossbows
  1307 | D:1      | Reached XP level 4. HP: 7/27 MP: 1/4
  1813 | D:2      | Reached XP level 5. HP: 32/32 MP: 5/5
  2390 | D:3      | Found a radiant altar of Vehumet.
  2652 | D:3      | Found a runed translucent door.
  2655 | D:3      | Noticed Crazy Yiuf
  2665 | D:3      | HP: 1/30 [Crazy Yiuf/+3 quarterstaff of chaos (6)]
  2666 | D:3      | Mangled by Crazy Yiuf

Illustrated notes

Levels and vault maps discovered:
D:1:      grunt_arrival_crossed_arrows, layout_loops_corners,
          shapermc_ecumenical_altar_rom_forum
D:2:      layout_rooms, serial_glass, glass_columns_a, glass_columns_a,
          mrwooster_statue_mirror, kennysheep_generic_room_15
D:3:      layout_basic, lemuel_round_altar, uniq_crazy_yiuf_cottage

Skill      XL: |  1  2  3  4 |
---------------+-------------+-----
Stealth        | 2 3 |  3.1
Crossbows      | 6 |  6.6
Dodging        | 3 |  3.4
Fighting       | 3 |  3.1
Armour         | |  0.1

Action                   |  1- 3 |  4- 6 || total
-------------------------+-------+-------++-------
 Fire: Hand crossbow     |    69 |    54 ||   123
Armor: Leather armour    |     4 |     1 ||     5
Dodge: Dodged            |    22 |    15 ||    37

Table legend: (Time is in decaauts)
 A = Elapsed time spent in this place.
 B = Non-inter-level travel time spent in this place.
 C = Inter-level travel time spent in this place.
 D = Time resting spent in this place.
 E = Time spent auto-exploring this place.
 F = Levels seen in this place.
 G = Mean time per level.
                   A        B        C        D        E       F      G
               +--------+--------+--------+--------+--------+-----+--------+
         Total |   2697 |   2550 |    147 |    340 |   1830 |   3 |  899.0 |
       Dungeon |   2697 |   2550 |    147 |    340 |   1830 |   3 |  899.0 |
               +--------+--------+--------+--------+--------+-----+--------+

Top non-repeatable levels by time:
     D:1: 1331 daAuts
     D:3: 690 daAuts
     D:2: 675 daAuts
